 Dungeon Crawl Stone Soup version 0.29.1-2-gbd0b4ee654 (webtiles) character file.

Game seed: 11595510415753072610

47 qeuew the Sneak (level 3, -1/25 HPs)
             Began as an Octopode Brigand on Nov 8, 2022.
             Slain by a goblin
             ... wielding a +0 dagger
             ... led by Robin
              (4 damage)
             ... on level 2 of the Dungeon.
             The game lasted 00:02:29 (1491 turns).

qeuew the Sneak (Octopode Brigand)                  Turns: 1491, Time: 00:02:29

Health: -1/25      AC:  1    Str: 10    XL:     3   Next: 70%
Magic:  4/4        EV: 13    Int: 13    God:
Gold:   79         SH:  0    Dex: 15    Spells: 3/3 levels left

rFire   . . .      SeeInvis .   a - +2 dagger
rCold   . . .      Faith    .   (no shield)
rNeg    . . .      Spirit   .   (helmet restricted)
rPois   .          Reflect  .   (no amulet)
rElec   .          Harm     .   (no ring)
rCorr   .          Rampage  .   (no ring)
Will    .....                   (no ring)
Stlth   ++++......              (no ring)
HPRegen 0.08/turn               (no ring)
MPRegen 0.09/turn               (no ring)
                                (no ring)
                                (no ring)

@: no status effects
A: almost no armour, amphibious, 8 rings, camouflage 1, gelatinous body 1,
(nimble swimmer 1), tentacles
a: no special abilities


You were on level 2 of the Dungeon.
You visited 1 branch of the dungeon, and saw 2 of its levels.

You collected 79 gold pieces.

Inventory:

Hand Weapons
 a - a +2 dagger (weapon)
Missiles
 b - 11 poisoned darts (quivered)
 c - 3 curare-tipped darts
Scrolls
 e - a scroll of fear
Potions
 d - a potion of haste


   Skills:
 + Level 2.4 Fighting
 + Level 2.3 Short Blades
 + Level 2.3 Throwing
 + Level 1.6 Dodging
 + Level 5.7 Stealth
 + Level 0.9 Spellcasting


You had 3 spell levels left.
You didn't know any spells.
Your spell library contained the following spells:

 Spells                   Type           Power      Damage    Failure   Level
 Frozen Ramparts          Ice            0%         1d1       65%         3
 Ice Form                 Ice/Tmut       0%         N/A       96%         4
 Summon Ice Beast         Ice/Summ       0%         N/A       96%         4


Dungeon Overview and Level Annotations

Branches:
Dungeon (2/15)

Altars:

Annotations:
D:2 Robin


Innate Abilities, Weirdness & Mutations

You cannot wear most types of armour.
You are amphibious.
You can wear up to eight rings at the same time.
Your skin changes colour to match your surroundings (Stealth+).
Your rubbery body absorbs attacks. (AC +1, EV +1)
((You are camouflaged when in or above water. (Stealth+)))
You have tentacles for arms and can constrict up to eight enemies at once.


Message History

You kill the hobgoblin!
The goblin barely misses you.
Robin roars a battlecry!
The goblins go into a battle-frenzy!
You closely miss the goblin. You grab the goblin. You constrict the goblin.
The goblin barely misses you. The goblin hits you with a +0 dagger.
You hit the goblin.
You kill the goblin!
The goblin hits you with a +0 dagger.
Robin hits you from afar with a +0 spear.
* * * LOW HITPOINT WARNING * * *
You are too injured to fight recklessly!
You are too injured to fight recklessly!
You are too injured to fight recklessly!
You are too injured to fight recklessly!
You are too injured to fight recklessly!
You are too injured to fight recklessly!
You are too injured to fight recklessly!
You are too injured to fight recklessly!
You are too injured to fight recklessly!
You are too injured to fight recklessly!
You are too injured to fight recklessly!
You are too injured to fight recklessly!
You are too injured to fight recklessly!
You are too injured to fight recklessly!
You are too injured to fight recklessly!
You hit the goblin. Your grab misses the goblin.
The goblin is heavily wounded.
The goblin misses you. The goblin hits you but does no damage.
Robin flexes a bicep menacingly.
Robin barely misses you.
You hit the goblin.
You kill the goblin!
The goblin hits you with a +0 dagger.
* * * LOW HITPOINT WARNING * * *
Robin throws the goblin at you!
You hit the goblin. Your grab misses the goblin. You squeeze the goblin.
You kill the goblin!
The goblin hits you with a +0 dagger.
You die...

#..###.##########
#.. ..# ##. ###
#. ## #.###..
..r#.


gK. #g# #@# #)# #)# ..# .### #. # You could see Robin, a goblin (strong), a
kobold and a rat.

Vanquished Creatures
  3 dart slugs (D:1)
  3 ball pythons (D:1)
  5 bats (D:1)
  3 endoplasms
  11 goblins
  3 hobgoblins
  4 jackals (D:1)
  A quokka (D:1)
  2 frilled lizards (D:1)
  A kobold (D:1)
  3 rats (D:1)
39 creatures vanquished.

Vanquished Creatures (others)
  A goblin (D:2)
1 creature vanquished.

Grand Total: 40 creatures vanquished

Notes
Turn   | Place    | Note
-------+----------+-------------------------------------------
     0 | D:1      | qeuew the Octopode Brigand began the quest for the Orb.
     0 | D:1      | Reached XP level 1. HP: 14/14 MP: 1/1
   108 | D:1      | Reached XP level 2. HP: 19/19 MP: 2/2
   850 | D:1      | Reached XP level 3. HP: 24/24 MP: 3/3
  1476 | D:2      | Noticed Robin
  1491 | D:2      | Slain by a goblin

Illustrated notes

Levels and vault maps discovered:
D:1:      amcnicky_arrival_feature_with_door, layout_loops_ring
D:2:      layout_loops_cross, hangedman_abyss_or_decor_stabs,
          minmay_lizard_king, uniq_robin, uniq_natasha

Action                   || total
-------------------------++-------
Melee: Dagger            ||    66
       Constrict         ||    15
       Tentacles         ||    10
       Punch             ||     1
  Use: Potion            ||     3
       Scroll            ||     2
 Stab: Sleeping          ||     9
Armor: Skin              ||     3
Dodge: Dodged            ||    31
